 Dungeon Crawl Stone Soup version 0.23.2-30-g0e89c35649 (webtiles) character file.

Game seed: 14946248696880654940

266 Descartes the Skirmisher (level 6, -7/48 HPs)
             Began as a Formicid Abyssal Knight on June 24, 2019.
             Was a Priest of Lugonu.
             Mangled by a hippogriff (10 damage)
             ... on level 4 of the Dungeon.
             The game lasted 00:10:42 (3625 turns).

Descartes the Skirmisher (Formicid Abyssal Knight)  Turns: 3625, Time: 00:10:44

Health: -7/48      AC:  6    Str: 19    XL:     6   Next: 44%
Magic:  8/8        EV: 11    Int: 12    God:    Lugonu [***...]
Gold:   211        SH:  0    Dex:  9    Spells: 5/5 levels left

rFire    + . .     SeeInvis +   k - +1 war axe
rCold    . . .     Gourm    .   (no shield)
rNeg     . . .     Faith    .   b - +1 ring mail (curse)
rPois    .         Spirit   .   (helmet unavailable)
rElec    .         Reflect  .   (no cloak)
rCorr    .         Harm     .   (no gloves)
MR       .....                  (no boots)
Stlth    ..........             (no amulet)
HPRegen  0.16/turn              c - ring of wizardry
MPRegen  0.11/turn              (no ring)

@: no status effects
A: permanent stasis, dig shafts and tunnels, four strong arms, antennae 3,
clumsy 1, fire resistance 1, strong 1, evolution 1
a: Dig, Shaft Self, Depart the Abyss, Bend Space, Banish, Renounce Religion


You were on level 4 of the Dungeon.
You worshipped Lugonu.
Lugonu was most pleased with you.
You were hungry.

You visited 1 branch of the dungeon, and saw 4 of its levels.
You visited the Abyss 1 time.

You collected 211 gold pieces.

Inventory:

Hand Weapons
 k - a +1 war axe (weapon)
 p - a +0 whip of flaming
Armour
 b - a cursed +1 ring mail (worn)
 h - a cursed +0 robe
 i - a +0 plate armour
Jewellery
 c - a ring of wizardry (left hand)
Scrolls
 a - a scroll of enchant armour
 e - a scroll of noise {unknown}
 f - a scroll of identify
 j - a scroll of fog {unknown}
 l - a scroll of immolation {unknown}
 m - a scroll of blinking
 o - a scroll of fear
Potions
 d - 2 potions of resistance
 g - a potion of mutation
 n - a potion of agility
 t - a potion of might
Comestibles
 r - 2 rations


   Skills:
 + Level 4.2 Fighting
 + Level 3.2(3.4) Axes
 + Level 1.5(2.5) Maces & Flails
 + Level 3.5 Armour
 + Level 2.2 Dodging
 + Level 3.7 Invocations


You had 5 spell levels left.
You didn't know any spells.
Your spell library was empty.

Dungeon Overview and Level Annotations

Branches:
Dungeon (4/15)
 Temple: D:4-7

Altars:
Kikubaaqudgha
Okawaru
Vehumet
Yredelemnul


Innate Abilities, Weirdness & Mutations

You cannot be hasted, slowed, berserked, paralysed or teleported.
You can dig through walls and to a lower floor.
Your four strong arms can wield two-handed weapons with a shield.
You have a pair of large antennae on your head. (SInv)
You are clumsy. (Dex -2)
Your flesh is heat resistant. (rF+)
Your muscles are strong. (Str +2)
You evolve.


Message History

The hippogriff completely misses you. The hippogriff claws you.
You hit the hippogriff.
The hippogriff is severely wounded.
The hippogriff barely misses you.
The hippogriff pecks you but does no damage.
The hippogriff claws you.
* * * LOW HITPOINT WARNING * * *
You barely miss the hippogriff.
The hippogriff is severely wounded.
The hippogriff barely misses you.
The hippogriff pecks you but does no damage.
The hippogriff claws you!
* * * LOW HITPOINT WARNING * * *
You closely miss the hippogriff.
The hippogriff is severely wounded.
The hippogriff bites you but does no damage.
The hippogriff closely misses you. The hippogriff claws you.
* * * LOW HITPOINT WARNING * * *
The hippogriff bites you!
You die...

..... ...# #. .... # .
..# . #. ... .# .#.
#.. #.###.##.....#..
###..##H..............
.......@..............
......................
...##...##............
. .#.....#............
......_...............
...#.....#..#.<..#
...##...##..#...##
.#..........#...##
#..............#...


You could see a hippogriff.

Vanquished Creatures
  A bullfrog (D:3)
  2 orc priests (D:3)
  A gnoll (D:1)
  4 adders
  2 worms (D:3)
  4 dart slugs
  5 leopard geckos
  7 orcs (D:3)
  3 giant cockroaches (D:2)
  8 hobgoblins
  6 jackals
  2 ball pythons
  10 bats
  2 frilled lizards (D:2)
  4 goblins
  7 kobolds
  5 rats
73 creatures vanquished.

Notes
Turn   | Place    | Note
-------+----------+-------------------------------------------
     0 | Abyss:1  | Descartes the Formicid Abyssal Knight began the quest for
                  | the Orb.
     0 | Abyss:1  | Reached XP level 1. HP: 18/18 MP: 2/2
    98 | Abyss:3  | Found a shadowy altar of Dithmenos.
   146 | D:1      | Escaped the Abyss
   220 | D:1      | Reached skill level 1 in Dodging
   241 | D:1      | Reached XP level 2. HP: 24/24 MP: 3/3
   698 | D:1      | HP: 1/24 [gnoll/+0 halberd (6)]
   781 | D:1      | Reached XP level 3. HP: 5/29 MP: 3/5
  1119 | D:1      | Gained mutation: You evolve. [potion of mutation]
  1119 | D:1      | Gained mutation: You are clumsy. (Dex -2) [potion of
                  | mutation]
  1119 | D:1      | Gained mutation: Your muscles are strong. (Str +2) [potion
                  | of mutation]
  1119 | D:1      | Gained mutation: Your flesh is heat resistant. (rF+)
                  | [potion of mutation]
  1638 | D:2      | Found a faded altar of an unknown god.
  1655 | D:2      | Reached ** piety under Lugonu
  1676 | D:2      | Reached XP level 4. HP: 32/37 MP: 6/6
  2071 | D:2      | Found a basalt altar of Yredelemnul.
  2410 | D:3      | Reached XP level 5. HP: 26/42 MP: 7/7
  2436 | D:3      | Found an ancient bone altar of Kikubaaqudgha.
  2578 | D:3      | HP: 2/42 [poisoned by an adder]
  2808 | D:3      | Reached skill level 4 in Fighting
  3025 | D:3      | Reached *** piety under Lugonu
  3025 | D:3      | Reached skill level 1 in Maces & Flails
  3030 | D:3      | Reached XP level 6. HP: 44/48 MP: 8/8
  3558 | D:3      | Found a radiant altar of Vehumet.
  3610 | D:4      | Found an iron altar of Okawaru.
  3612 | D:4      | Noticed a hippogriff
  3625 | D:4      | Mangled by a hippogriff

Skill      XL: |  1  2  3  4  5 |
---------------+----------------+-----
Dodging        | 1 2 |  2.2
Invocations    | 3 |  3.7
Armour         | 3 |  3.5
Fighting       | 4 |  4.2
Axes           | 3 |  3.2
Maces & Flails | 1 |  1.5

Action                   |  1- 3 |  4- 6 || total
-------------------------+-------+-------++-------
Melee: Hand axe          |   105 |   193 ||   298
       War axe           |       |    21 ||    21
 Abil: Dig               |       |     1 ||     1
  Use: Scroll            |     4 |     8 ||    12
       Potion            |     1 |     1 ||     2
  Eat: Ration            |     1 |       ||     1
       Chunk             |       |     5 ||     5
Armor: Plate armour      |   116 |   136 ||   252
       Ring mail         |       |    11 ||    11
Dodge: Dodged            |    51 |    80 ||   131
